 Dungeon Crawl Stone Soup version 0.31-a0-232-gb1c03b2570 (webtiles) character file.

Game seed: 9712273035404370576

16 qw the Shooter (level 2, 0/16 HPs)
             Began as a Gargoyle Hexslinger on July 7, 2023.
             Shot with a sling bullet by a goblin (2 damage)
             ... on level 2 of the Dungeon.
             The game lasted 00:00:10 (227 turns).

qw the Shooter (Gargoyle Hexslinger)                 Turns: 227, Time: 00:00:11

Health: 0/16       AC:  4    Str: 11    XL:     2   Next: 54%
Magic:  3/3        EV: 12    Int: 13    God:
Gold:   50         SH:  0    Dex: 12    Spells: 2/3 levels left

rFire   . . .        Y - +1 sling
rCold   . . .        (no shield)
rNeg    + . .        c - +0 robe
rPois   inf          (no helmet)
rElec   +            (no cloak)
rCorr   .            (no gloves)
SInv    .            (no boots)
Will    .....        (no amulet)
Stlth   +            (no ring)
HPRegen 0.22/turn    (no ring)
MPRegen 0.08/turn

%: no passive effects
@: no status effects
A: sickness immunity, AC +2, negative energy resistance 1, electricity
resistance, torment resistance 1, petrification resistance
a: no special abilities


You were on level 2 of the Dungeon.
You visited 1 branch of the dungeon, and saw 2 of its levels.

You collected 50 gold pieces.


Innate Abilities, Weirdness & Mutations

You are immune to sickness and miasma.
Your stone body is resilient. (AC +2)
You are immune to poison.
You resist negative energy. (rN+)
You are resistant to electric shocks. (rElec)
You are resistant to unholy torment.
You are immune to petrification.


   Skills:
 + Level 1.2 Fighting
 - Level 3.0 Ranged Weapons
 - Level 1.5 Dodging
 - Level 1.0 Spellcasting
 - Level 2.6 Hexes


You had 2 spell levels left.
You knew the following spells:

 Your Spells              Type           Power      Damage    Failure   Level
a - Slow                  Hex            28%        N/A       10%         1

Your spell library contained the following spells:

 Spells                   Type           Power      Damage    Failure   Level
 Inner Flame              Hex/Fire       4%         N/A       43%         3
 Portal Projectile        Hex/Tloc       8%         N/A       43%         3
 Cause Fear               Hex            3%         N/A       67%         4

Inventory:

Hand Weapons
 Y - a +1 sling (weapon)
Armour
 c - a +0 robe (worn)
Scrolls
 b - a scroll of poison
 g - a scroll of enchant armour {unknown}
 h - a scroll of identify {unknown}

Dungeon Overview and Level Annotations

Branches:
Dungeon (2/15)

Altars:


Message History

The sling bullet completely misses the scorpion.
The scorpion barely misses you.
The goblin unwields a +0 club.
The goblin wields a +0 sling.
The goblin shoots a sling bullet.
The sling bullet hits you.
You shoot a sling bullet. The sling bullet hits the scorpion.
The scorpion is moderately wounded.
The adder bites you. The scorpion barely misses you.
The goblin shoots a sling bullet.
The sling bullet hits you. The adder closely misses you.
The scorpion stings you! The dart slug launches a dart at you.
The slug dart misses you.
You shoot a sling bullet.
The sling bullet hits the scorpion but does no damage.
The scorpion is moderately wounded.
The adder barely misses you.
The goblin shoots a sling bullet.
The sling bullet misses you. The scorpion barely misses you.
The adder bites you.
You shoot a sling bullet. The sling bullet hits the scorpion.
The scorpion is heavily wounded.
The scorpion closely misses you.
A ball python comes into view.
The adder bites you but does no damage. The scorpion misses you.
The goblin shoots a sling bullet.
The sling bullet closely misses you. The dart slug launches a dart at you.
The slug dart hits you. The adder misses you.
You shoot a sling bullet.
The sling bullet hits the scorpion but does no damage.
The scorpion is heavily wounded.
The scorpion barely misses you. The adder closely misses you.
The goblin shoots a sling bullet.
The sling bullet closely misses you.
You shoot a sling bullet. The sling bullet hits the scorpion.
The scorpion is severely wounded.
The scorpion closely misses you. The adder bites you but does no damage.
The goblin shoots a sling bullet.
The sling bullet closely misses you.
The scorpion stings you but does no damage.
The adder bites you.
You shoot a sling bullet.
The sling bullet closely misses the scorpion.
The goblin shoots a sling bullet.
The sling bullet hits you.
You die...

.......... #.......g.
#...........####... .
#..................
..####..................
........................
...S=..s................
......S@..........>.....
##......................
......#...##...##.......
...w........ #....###...
..... .....###....###...
...........# #....#.....
.... ..##+####....#.....
.............+....+.....
........#....#%....


You could see a scorpion, an adder, a dart slug, a goblin and a ball python.

Vanquished Creatures
  A worm (D:2)
  A ball python (D:2)
  A bat (D:2)
  An endoplasm (D:2)
  A giant cockroach (D:2)
  4 hobgoblins
  A frilled lizard (D:1)
  A rat (D:1)
11 creatures vanquished.

Notes
Turn   | Place    | Note
-------+----------+-------------------------------------------
     0 | D:1      | qw the Gargoyle Hexslinger began the quest for the Orb.
     0 | D:1      | Reached XP level 1. HP: 12/12 MP: 2/2
     0 | D:1      | 0 ||| qw: Version: 0.3-a-46-gb1f654a
     0 | D:1      | 0 ||| qw: Game counter: 2750
     0 | D:1      | 0 ||| qw: Melee chars always use a shield: true
     0 | D:1      | 0 ||| qw: God list: Okawaru
     0 | D:1      | 0 ||| qw: Allow faded altars: false
     0 | D:1      | 0 ||| qw: Do Orc after clearing Dungeon:15 true
     0 | D:1      | 0 ||| qw: Do second Lair branch before Depths: true
     0 | D:1      | 0 ||| qw: Lair rune preference: random
     0 | D:1      | 0 ||| qw: Goals: Normal
     0 | D:1      | 0 ||| PLANNING D:1-11
   110 | D:1      | You fall into a shaft and drop 1 floor!
   155 | D:2      | Reached XP level 2. HP: 11/16 MP: 3/3
   204 | D:2      | 204 ||| READING scroll labelled OFAOBA RUACING.
   205 | D:2      | 205 ||| READING scroll labelled UPPYC FYEZISOJ.
   211 | D:2      | Reached skill level 3 in Ranged Weapons
   213 | D:2      | 213 ||| READING scroll labelled BOJAES EZAL.
   214 | D:2      | Noticed a scorpion
   224 | D:2      | HP: 2/16 [dart slug/slug dart (4)]
   227 | D:2      | Shot with a sling bullet by a goblin

Levels and vault maps discovered:
D:1:      saegor_arrival_under_anarchy, layout_rooms, st_stairs_4,
          chequers_big_river, minmay_tromino_v4_b
D:2:      layout_basic

Skill      XL: |  1  2 |
---------------+-------+-----
Ranged Weapons | 3 |  3.0
Fighting       | |  1.2
Dodging        | |  1.5
Spellcasting   | |  1.0
Hexes          | |  2.6

Action                     || total
---------------------------++-------
   Fire: Sling             ||    54
    Use: Scroll            ||     3
 Armour: Robe              ||     5
  Dodge: Dodged            ||    27

Table legend:
 A = Non-vault XP
 B = Vault XP
 C = Vault XP percentage of total XP
 D = Non-vault monster count
 E = Vault monster count
 F = Vault count percentage of total count
                 A         B        C        D         E       F
            +---------+---------+-------+---------+---------+-------
      Total |      23 |       0 |   0.0 |      11 |       0 |   0.0
            +---------+---------+-------+---------+---------+-------
        D:1 |       4 |       0 |   0.0 |       3 |       0 |   0.0
        D:2 |      19 |       0 |   0.0 |       8 |       0 |   0.0
            +---------+---------+-------+---------+---------+-------
